 Dungeon Crawl Stone Soup version 0.31-a0-339-gda1cbd555d (webtiles) character file.

Game seed: 7924637802451568359

15 mopl the Ruffian (level 2, -1/18 HPs)
             Began as an Octopode Shapeshifter on July 20, 2023.
             Slain by a gnoll
             ... wielding a +0 spear
              (5 damage)
             ... on level 1 of the Dungeon.
             The game lasted 00:00:30 (193 turns).

mopl the Ruffian (Octopode Shapeshifter)             Turns: 193, Time: 00:00:30

Health: -1/18      AC:  1    Str: 14    XL:     2   Next: 50%
Magic:  2/2        EV: 13    Int: 10    God:
Gold:   19         SH:  0    Dex: 12    Spells: 1/1 levels left

rFire   . .          .
                       - Unarmed
rCold   . . .        (no shield)
rNeg    . . .        (helmet currently unavailable)
rPois   .            (no amulet)
rElec   .            (no ring)
rCorr   .            (no ring)
SInv    .            (no ring)
Will    .....        (no ring)
Stlth   ++           (no ring)
HPRegen 0.23/turn    (no ring)
MPRegen 0.08/turn    (no ring)
                     (no ring)

%: no passive effects
@: beast-form
A: beast (slay +2), almost no armour, amphibious, 8 rings, camouflage 1,
gelatinous body 1, (nimble swimmer 1), tentacles
a: Begin Untransformation


You were on level 1 of the Dungeon.
You were a hulking beast.
You visited 1 branch of the dungeon, and saw 1 of its levels.

You collected 19 gold pieces.

Inventory:

Talismans
 b - a beast talisman
Scrolls
 d - a scroll of identify {unknown}
Potions
 a - a potion of lignification {!q}
 c - a potion of enlightenment {unknown}


   Skills:
 + Level 1.3 Fighting
 + Level 2.2 Dodging
 * Level 3.3 Unarmed Combat
 + Level 3.1 Shapeshifting


You had one spell level left.
You didn't know any spells.
Your spell library was empty.

Dungeon Overview and Level Annotations

Branches:
Dungeon (1/15)

Altars:


Innate Abilities, Weirdness & Mutations

You are a hulking beast.
Your limbs bulge with bestial killing power. (Slay +2)
You cannot wear most types of armour.
You are amphibious.
You can wear up to eight rings at the same time.
Your skin changes colour to match your surroundings (Stealth+).
Your rubbery body absorbs attacks. (AC +1, EV +1)
((You are camouflaged when in or above water. (Stealth+)))
You have tentacles for arms and can constrict up to eight enemies at once.


Message History

Found a club.
The endoplasm closely misses you.
You bludgeon the endoplasm!
You kill the endoplasm!
No target in view!
You now have 19 gold pieces.
An endoplasm comes into view.
Found a scroll labelled PIOMIPL HULY.
A ball python and a frilled lizard come into view.
The helpless ball python fails to defend itself.
You tentacle-slap the ball python.
You kill the ball python!
The endoplasm quivers.
The endoplasm barely misses you.
You tentacle-slap the endoplasm.
The endoplasm is moderately wounded.
The endoplasm freezes you.
You are frozen.
You tentacle-slap the endoplasm but do no damage.
The endoplasm is moderately wounded.
The endoplasm freezes you.
You are frozen.
You tentacle-slap the endoplasm.
You kill the endoplasm!
You see here a ball python corpse.
You tentacle-slap the frilled lizard.
You kill the frilled lizard!
No target in view!
d - a scroll labelled PIOMIPL HULY A gnoll comes into view.
It is wielding a +0 spear.
The gnoll shouts!
A frilled lizard comes into view.
Found 8 stones.
The gnoll hits you with a +0 spear!
Ouch! That really hurt!
* * * LOW HITPOINT WARNING * * *
The frilled lizard hisses angrily.
You are too injured to fight recklessly!
Unknown command.
The gnoll hits you with a +0 spear.
You die...

### ### #.# #.# #.# ..#
.######.########.#
.................#
#######..######..######
#######..# #.......#
.....††..# ##.##..##
########.# #h# ..#
#####.# #l..g...##
##...#.# #.#....##
#..)...# #.......#
#......# # .....##
#.....## ...#.##
##...## #(#### ##.## ##
#.#


You could see a gnoll and a frilled lizard.

Vanquished Creatures
  2 bats (D:1)
  3 endoplasms (D:1)
  2 hobgoblins (D:1)
  4 ball pythons (D:1)
  A frilled lizard (D:1)
  A kobold (D:1)
13 creatures vanquished.

Notes
Turn   | Place    | Note
-------+----------+-------------------------------------------
     0 | D:1      | mopl the Octopode Shapeshifter began the quest for the Orb.
     0 | D:1      | Reached XP level 1. HP: 13/13 MP: 1/1
   104 | D:1      | Reached XP level 2. HP: 18/18 MP: 2/2
   193 | D:1      | Slain by a gnoll

Illustrated notes

Levels and vault maps discovered:
D:1:      matt_arrival_grand_opening, layout_loops_ring,
          nicolae_figureground_sparkle

Action                     || total
---------------------------++-------
  Melee: Unarmed           ||    21
         Constrict         ||     4
         Tentacles         ||     1
   Stab: Sleeping          ||     1
 Armour: Skin              ||     2
  Dodge: Dodged            ||    10

Table legend: (Time is in decaauts)
 A = Elapsed time spent in this place.
 B = Non-inter-level travel time spent in this place.
 C = Inter-level travel time spent in this place.
 D = Time resting spent in this place.
 E = Time spent auto-exploring this place.
 F = Levels seen in this place.
 G = Mean time per level.
                   A        B        C        D        E       F      G
               +--------+--------+--------+--------+--------+-----+--------+
         Total |    191 |    191 |      0 |      0 |    126 |   1 |  191.0 |
       Dungeon |    191 |    191 |      0 |      0 |    126 |   1 |  191.0 |
               +--------+--------+--------+--------+--------+-----+--------+

Top non-repeatable levels by time:
     D:1: 191 daAuts
